 Dungeon Crawl Stone Soup version 0.28-a0-556-gab23d0e057 (webtiles) character file.

Game seed: 15906514645159393061

762 robertstho the Magician (level 8, -3/55 HPs)
             Began as a Djinni Fire Elementalist on Sept 28, 2021.
             Slain by a hound (5 damage)
             ... on level 5 of the Dungeon.
             The game lasted 00:06:41 (5920 turns).

robertstho the Magician (Djinni Fire Elementalist)  Turns: 5920, Time: 00:06:42

Health: -3/55      AC:  2    Str:  7    XL:     8   Next: 8%
Gold:   162        EV: 12    Int: 20    God:
                   SH:  0    Dex: 13

rFire   + + .      SeeInvis .   j - +2 quarterstaff (drain)
rCold   x . .      Faith    .   (shield currently unavailable)
rNeg    . . .      Spirit   .   a - +0 robe
rPois   ∞          Reflect  .   (no helmet)
rElec   .          Harm     .   (no cloak)
rCorr   .          Rampage  .   (no gloves)
Will    .....                   (boots unavailable)
Stlth   ++........              (no amulet)
HPRegen 0.18/turn               (no ring)
MPRegen 0.00/turn               (no ring)

@: flying
A: sickness immunity, fire resistance 2, cold vulnerability 1, float, innate
caster, hp casting, extra vitality 1
a: no special abilities


You were on level 5 of the Dungeon.
You visited 1 branch of the dungeon, and saw 5 of its levels.

You collected 162 gold pieces.

Inventory:

Hand Weapons
 g - a +0 short sword
 j - a +2 quarterstaff of draining (weapon)
Armour
 a - a +0 robe (worn)
Scrolls
 d - a scroll of fog {unknown}
 f - a scroll of acquirement {unknown}
 i - 4 scrolls of teleportation
Potions
 b - a potion of invisibility
 c - 2 potions of flight {unknown}
 h - a potion of lignification {unknown}
 l - a potion of haste {unknown}
 m - a potion of heal wounds {unknown}


   Skills:
 * Level 2.9 Fighting
 + Level 0.5 Staves
 * Level 3.0 Armour
 + Level 2.5 Dodging
 + Level 2.3 Stealth
 + Level 5.5 Spellcasting


You couldn't memorise any spells.
You knew the following spells:

 Your Spells              Type           Power      Damage    Failure   Level
a - Foxfire               Conj/Fire      100%       2x1d9     1%          1
b - Scorch                Fire           54%        2d7       1%          2
c - Conjure Flame         Conj/Fire      27%        6-21      3%          3
d - Inner Flame           Hex/Fire       27%        N/A       3%          3
e - Flame Wave            Conj/Fire      27%        3d6       12%         4
f - Freeze                Ice            100%       1d11      1%          1
g - Passwall              Tmut/Erth      22%        N/A       1%          2
h - Confusing Touch       Hex            27%        N/A       3%          3
Your spell library was empty.

Dungeon Overview and Level Annotations

Branches:
Dungeon (5/15)
 Temple: D:4-7

Altars:

Shops:
D:4 ((:(

Annotations:
D:3 1 runed translucent door, Crazy Yiuf


Innate Abilities, Weirdness & Mutations

You are immune to sickness and miasma.
You are immune to poison.
Your flesh is very heat resistant. (rF++)
You are vulnerable to cold. (rC-)
You float through the air rather than walking.
You learn spells naturally, not from books.
Your magical power is your life essence.
You have superior vitality. (+4 HP)


Message History

A white imp comes into view.
A white imp is nearby!
A white imp is nearby!
A white imp is nearby!
A white imp is nearby!
Casting: Scorch (safe; 1% risk of failure)
Confirm with . or Enter, or press ? or * to list all spells.
Flames lash the white imp.
The white imp is burned terribly!
The white imp is moderately wounded.
The white imp's fire resistance burns away.
You hear a bark!
The white imp gestures at you. The puff of frost hits you!
You feel a terrible chill!
* * * LOW HITPOINT WARNING * * *
Casting: Scorch (safe; 1% risk of failure)
Confirm with . or Enter, or press ? or * to list all spells.
Flames lash the white imp but do no damage.
* * * LOW HITPOINT WARNING * * *
Unknown command.
Casting: Scorch (safe; 1% risk of failure)
Confirm with . or Enter, or press ? or * to list all spells.
Flames lash the white imp.
The white imp is burned terribly!
You kill the white imp!
* * * LOW HITPOINT WARNING * * *
Unknown command.
You start resting.
A hound comes into view.
An adder comes into view.
As you read the scroll of teleportation, it crumbles to dust.
You feel strangely unstable. The hound bites you.
* * * LOW HITPOINT WARNING * * *
The hound bites you.
* * * LOW HITPOINT WARNING * * *
Unknown command.
The hound bites you.
* * * LOW HITPOINT WARNING * * *
Found a pair of gloves.
Your surroundings seem slightly different.
The hound bites you.
You die...

.............#
.....#.....#
#..# ./...#
#<## ..$.#
#..###.†#
##......##
#..###..#
..#####...###.#
.......@......#
........h.#####
..........##
...........#
......S..<.#
...#######.#
... #.# .. #.#
...


You could see a hound and an adder (wandering).

Vanquished Creatures
  2 necrophages (D:4)
  2 ogres
  2 phantoms
  A hound (D:4)
  2 iguanas (D:4)
  6 adders
  3 gnolls (D:4)
  A howler monkey skeleton (D:4)
  A white imp (D:5)
  An adder skeleton (D:4)
  2 worms (D:2)
  2 dart slugs
  3 orcs (D:3)
  5 bats
  2 endoplasms
  4 giant cockroaches
  17 goblins
  8 hobgoblins
  5 quokkas
  6 ball pythons
  5 frilled lizards
  9 kobolds
  4 rats (D:2)
93 creatures vanquished.

Vanquished Creatures (others)
  212 foxfires
212 creatures vanquished.

Grand Total: 305 creatures vanquished

Notes
Turn   | Place    | Note
-------+----------+-------------------------------------------
     0 | D:1      | robertstho the Djinni Fire Elementalist began the quest for
                  | the Orb.
     0 | D:1      | Reached XP level 1. HP: 15/15 MP: 0/0
   376 | D:1      | Reached XP level 2. HP: 21/22 MP: 0/0
   801 | D:1      | Found a faded altar of an unknown god.
   801 | D:1      | Noticed a chaos spawn
  1377 | D:2      | Reached XP level 3. HP: 22/26 MP: 0/0
  1377 | D:2      | Learned a level 1 spell: Freeze
  1945 | D:2      | Reached skill level 3 in Spellcasting
  2148 | D:2      | Reached skill level 1 in Fighting
  2148 | D:2      | Reached skill level 1 in Armour
  2265 | D:2      | Reached XP level 4. HP: 28/32 MP: 0/0
  3325 | D:3      | Found a runed translucent door.
  3326 | D:3      | Noticed Crazy Yiuf
  3454 | D:3      | Reached XP level 5. HP: 31/37 MP: 0/0
  3454 | D:3      | Learned a level 2 spell: Passwall
  3612 | D:3      | Noticed an ogre
  3927 | D:3      | Killed an ogre
  3928 | D:3      | Reached XP level 6. HP: 29/43 MP: 0/0
  4241 | D:4      | Reached skill level 4 in Spellcasting
  4280 | D:4      | Noticed a necrophage
  4285 | D:4      | Killed a necrophage
  4365 | D:4      | Reached XP level 7. HP: 33/49 MP: 0/0
  4365 | D:4      | Learned a level 3 spell: Confusing Touch
  5174 | D:4      | Found Wuqal's Weapon Emporium.
  5176 | D:4      | Found Siofoth's Weapon Boutique.
  5177 | D:4      | Found Inaunt's Book Boutique.
  5177 | D:4      | Found Lewnuari's Antique Weapon Emporium.
  5185 | D:4      | Reached skill level 5 in Spellcasting
  5884 | D:5      | Entered Level 5 of the Dungeon
  5896 | D:5      | Reached XP level 8. HP: 31/55 MP: 0/0
  5918 | D:5      | HP: 2/55 [hound (4)]
  5920 | D:5      | Slain by a hound

Illustrated notes

Levels and vault maps discovered:
D:1:      dpeg_arrival_windows_large_door, layout_basic,
          dreamdust_ecumenical_altar_sealed_demon, minmay_misc_feat_encased,
          bh_walls_and_bars
D:2:      layout_basic
D:3:      layout_basic, serial_park_tiny_2, minmay_ogre_servants,
          uniq_crazy_yiuf_cottage
D:4:      layout_loops_corners, nicolae_wooded_promenade
D:5:      layout_rooms, uniq_ijyb, uniq_menkaure

Skill      XL: |  1  2  3  4  5  6  7 |
---------------+----------------------+-----
Spellcasting   | 3 4 5 |  5.5
Fighting       | 1 2 |  2.9
Armour         | 1 2 3 |  3.0
Stealth        | 2 |  2.3
Staves         | |  0.5
Dodging        | |  2.5

Action                   |  1- 3 |  4- 6 |  7- 9 || total
-------------------------+-------+-------+-------++-------
Melee: Unarmed           |     1 |       |       ||     1
       Short sword       |       |     7 |       ||     7
       Quarterstaff      |       |     8 |     3 ||    11
 Cast: Foxfire           |   103 |    27 |       ||   130
       Scorch            |     1 |    37 |    59 ||    97
  Use: Scroll            |       |     1 |     4 ||     5
Armor: Robe              |     4 |     2 |     3 ||     9
Dodge: Dodged            |     5 |    22 |     9 ||    36

Table legend: (Time is in decaauts)
 A = Elapsed time spent in this place.
 B = Non-inter-level travel time spent in this place.
 C = Inter-level travel time spent in this place.
 D = Time resting spent in this place.
 E = Time spent auto-exploring this place.
 F = Levels seen in this place.
 G = Mean time per level.
                   A        B        C        D        E       F      G
               +--------+--------+--------+--------+--------+-----+--------+
         Total |   5926 |   5825 |    101 |     95 |   5119 |   5 | 1185.2 |
       Dungeon |   5926 |   5825 |    101 |     95 |   5119 |   5 | 1185.2 |
               +--------+--------+--------+--------+--------+-----+--------+

Top non-repeatable levels by time:
     D:4: 1707 daAuts
     D:2: 1576 daAuts
     D:3: 1459 daAuts
     D:1: 1148 daAuts
     D:5: 35 daAuts
